 Dungeon Sprint DCSS version 0.23-a0-143-g1adec7b (webtiles) character file.

1712 Faca the Fighter (level 9, -6/88 HPs)
             Began as a Formicid Fighter on Aug 31, 2018.
             Was a High Priest of the Shining One.
             Blown up by an eye of devastation (36 damage)
             ... with a bolt of energy
             ... in the Dungeon (Sprint V: "Ziggurat Sprint").
             The game lasted 00:02:36 (529 turns).

Faca the Fighter (Formicid Fighter)                  Turns: 529, Time: 00:02:37

Health: -6/88      AC: 15    Str: 29    XL:     9   Next: 24%
Magic:  0/9        EV:  5    Int:  9    God:    the Shining One [*****.]
Gold:   0          SH: 13    Dex: 16    Spells: 8/8 levels left

rFire    + . .     SeeInvis +   B - +5 broad axe
rCold    . . .     Gourm    .   o - +3 shield
rNeg     + + .     Faith    .   c - +4 plate armour {rF+}
rPois    .         Spirit   .   (helmet unavailable)
rElec    .         Reflect  .   (no cloak)
rCorr    .         Harm     .   (no gloves)
MR       .....                  (no boots)
Stlth    ..........             (no amulet)
HPRegen  0.24/turn              H - +6 ring of dexterity
MPRegen  0.11/turn              K - +6 ring of strength

@: glowing
A: permanent stasis, dig shafts and tunnels, four strong arms, antennae 3
a: Dig, Divine Shield, Cleansing Flame, Summon Divine Warrior, Renounce Religion


You were in the Dungeon.
You worshipped the Shining One.
The Shining One was extremely pleased with you.
You were not hungry.

You visited 1 branch

Inventory:

Hand Weapons
 A - a +5 battleaxe
 B - a +5 broad axe (weapon)
 C - a +5 executioner's axe
 M - the +7 great mace "Firestarter" {inner flame, rF++}
   (You found it in the Dungeon)

   It has been specially enchanted to burn those struck by it, causing extra
   injury to most foes and up to half again as much damage against particularly
   susceptible opponents.
   It greatly protects you from fire.
 N - the +8 lance "Wyrmbane" {slay drac, rPois rF+ rC+ AC+3}
   (You found it in the Dungeon)

   It affects your AC (+3).
   It protects you from fire.
   It protects you from cold.
   It protects you from poison.
Armour
 c - a +4 plate armour of fire resistance (worn)
 l - +5 gold dragon scales
 n - a +3 large shield
 o - a +3 shield (worn)
Jewellery
 b - an uncursed ring of magical power
 G - a +6 ring of dexterity
 H - a +6 ring of dexterity (left hand)
 I - a +6 ring of intelligence
 J - a +6 ring of intelligence
 K - a +6 ring of strength (right hand)
 L - a +6 ring of strength
Wands
 D - a wand of disintegration (7)
 E - a wand of iceblast (7)
 F - a wand of acid (7)
Scrolls
 k - 4 scrolls of blinking
 u - 4 scrolls of amnesia
 v - 7 scrolls of fog
 w - a scroll of holy word
 x - 5 scrolls of identify
 y - 5 scrolls of remove curse
 z - 2 scrolls of fear
Potions
 d - 6 potions of might
 e - 10 potions of curing
 g - 17 potions of heal wounds
 h - 6 potions of haste
 i - 7 potions of magic
 j - 3 potions of berserk rage
 p - 2 potions of brilliance
 q - 2 potions of invisibility
 r - 4 potions of resistance
 t - 5 potions of agility
Comestibles
 f - 8 rations


   Skills:
 + Level 14.9 Fighting
 + Level 13.6 Axes
 - Level 3.2 Armour
 - Level 3.6 Shields


You had 8 spell levels left.
You didn't know any spells.
Your spell library was empty.

Dungeon Overview and Level Annotations

Branches:
Dungeon (1/1)

Altars:
Ashenzari
Cheibriados
Dithmenos
Elyvilon
Fedhas
Gozag
Hepliaklqana
Kikubaaqudgha
Makhleb
Nemelex Xobeh
Okawaru
Qazlal
Ru
Sif Muna
Trog
Uskayaw
Vehumet
Wu Jian
Xom
Yredelemnul
Zin
The Shining One
Beogh
Jiyva
Lugonu


Innate Abilities, Weirdness & Mutations

You cannot be hasted, slowed, berserked, paralysed or teleported.
You can dig through walls and to a lower floor.
Your four strong arms can wield two-handed weapons with a shield.
You have a pair of large antennae on your head. (SInv)


Message History

You slice the slime creature!!
The slime creature is heavily wounded.
The eye of draining gazes at you.
You slash the slime creature!
The slime creature is severely wounded.
The slime creature hits you.
You hit the eye of devastation but do no damage.
You hit the slime creature but do no damage.
The slime creature hits you! The eye of devastation gazes at you.
The bolt of energy hits you!
You slash the eye of devastation!
The eye of devastation is moderately wounded.
You hit the slime creature. The slime creature hits you.
You slash the eye of devastation!
The eye of devastation is heavily wounded.
You hit the slime creature. You block the slime creature's attack.
The eye of devastation gazes at you. The bolt of energy hits you!
You die...

{
{▓..["[..▓
{
▓..:)[..▓
{
{▓.......▓
▓.......▓
▓.......▓
▓.{G....▓
▓.▓J..▓.▓
▓.@G©...▓
▓▓▓▓▓▓▓▓▓
{{ { {{ {
{{{


You could see a slime creature, an eye of devastation and an eye of draining.

Vanquished Creatures
  A hornet (D)
  3 spriggans (D)
  A water moccasin (D)
  A floating eye (D)
  4 black bears (D)
  3 wolves (D)
  3 wights (D)
  A jelly (D)
  2 iguanas (D)
  3 river rats (D)
  2 adders (D)
  A ball python (D)
  A bat skeleton (D)
  A bat zombie (D)
27 creatures vanquished.

Notes
Turn   | Place    | Note
-------+----------+-------------------------------------------
     0 | D        | Found the +6 Majin-Bo {vamp, Archmagi MP+6 Int+6}
     0 | D        | Found the +7 great mace "Firestarter" {inner flame, rF++}
     0 | D        | Faca the Formicid Fighter began the quest for the Orb.
     0 | D        | Reached XP level 1. HP: 18/18 MP: 1/1
     3 | D        | Found a blossoming altar of Fedhas.
     7 | D        | Found a deep blue altar of Sif Muna.
     7 | D        | Found a sacrificial altar of Ru.
     7 | D        | Found a bloodstained altar of Trog.
     7 | D        | Found a stormy altar of Qazlal.
     7 | D        | Found an iron altar of Okawaru.
     7 | D        | Found a sparkling altar of Nemelex Xobeh.
     9 | D        | Found a transporter.
     9 | D        | Found an ancient bone altar of Kikubaaqudgha.
     9 | D        | Found a viscous altar of Jiyva.
     9 | D        | Found a corrupted altar of Lugonu.
     9 | D        | Found a hazy altar of Hepliaklqana.
     9 | D        | Found a burning altar of Makhleb.
     9 | D        | Found an opulent altar of Gozag.
    33 | D        | Found the +6 shillelagh "Devastator" {shatter}
    33 | D        | Found the +11 plutonium sword {*Contam Stlth-}
    33 | D        | Found the +8 lance "Wyrmbane" {slay drac, rPois rF+ rC+
                  | AC+3}
    33 | D        | Found the +9 sword of Zonguldrok {reap}
    33 | D        | Found the cursed +13 scythe of Curses {drain, *Curse}
    33 | D        | Found the +0 sword of Power
    33 | D        | Found the +7 mace of Variability {chain chaos}
    33 | D        | Found the +7 Singing Sword
    33 | D        | Found the +7 longbow "Piercer" {penet, EV-2}
    44 | D        | Became a worshipper of the Shining One
    72 | D        | Reached skill level 6 in Fighting
    72 | D        | Reached skill level 5 in Axes
    72 | D        | Reached XP level 2. HP: 29/29 MP: 2/2
    84 | D        | Entered arena 2.
    84 | D        | Noticed a spriggan
    84 | D        | Noticed a black bear
    84 | D        | Found a transporter.
    87 | D        | Killed a black bear
    87 | D        | Reached skill level 8 in Fighting
    87 | D        | Reached XP level 3. HP: 38/38 MP: 3/3
    87 | D        | Reached XP level 4. HP: 45/45 MP: 4/4
    89 | D        | Killed a spriggan
    89 | D        | Reached skill level 10 in Fighting
    89 | D        | Reached XP level 5. HP: 54/54 MP: 5/5
    89 | D        | Reached XP level 6. HP: 61/61 MP: 6/6
   112 | D        | Entered arena 3.
   112 | D        | Reached * piety under the Shining One
   112 | D        | Noticed a wolf
   112 | D        | Found a transporter.
   114 | D        | Killed a wolf
   114 | D        | Reached skill level 11 in Fighting
   114 | D        | Reached skill level 10 in Axes
   117 | D        | Reached XP level 7. HP: 68/68 MP: 7/7
   127 | D        | Entered arena 4.
   127 | D        | Noticed a water moccasin
   127 | D        | Found a transporter.
   130 | D        | Killed a water moccasin
   139 | D        | Entered arena 5.
   139 | D        | Reached ** piety under the Shining One
   139 | D        | Found a transporter.
   142 | D        | Reached skill level 12 in Fighting
   168 | D        | Entered arena 6.
   168 | D        | Reached *** piety under the Shining One
   168 | D        | Reached **** piety under the Shining One
   168 | D        | Found a transporter.
   174 | D        | Reached ***** piety under the Shining One
   177 | D        | Reached XP level 8. HP: 78/78 MP: 8/8
   186 | D        | Entered arena 7.
   186 | D        | Noticed a spriggan
   186 | D        | Noticed a spriggan rider
   191 | D        | Reached skill level 13 in Fighting
   194 | D        | Killed a spriggan
   195 | D        | Reached skill level 14 in Fighting
   196 | D        | Found a transporter.
   202 | D        | Killed a hornet
   202 | D        | Reached XP level 9. HP: 12/88 MP: 9/9
   518 | D        | Entered arena 8.
   518 | D        | Noticed a slime creature
   518 | D        | Noticed an eye of devastation
   529 | D        | Blown up by an eye of devastation

Vault maps used:
D:        sprint_v

Skill      XL: |  1  2  3  4  5  6  7  8 |
---------------+-------------------------+-----
Fighting       | 6 8 10 11 12 14 | 14.9
Axes           | 5 7 9 10 11 13 | 13.6
Armour         | |  3.2
Shields        | |  3.6

Action                   |  1- 3 |  4- 6 |  7- 9 || total
-------------------------+-------+-------+-------++-------
Melee: Broad axe         |     2 |     6 |    43 ||    51
  Use: Potion            |     1 |       |     1 ||     2
Armor: Plate armour      |     3 |     4 |    24 ||    31
Dodge: Dodged            |       |     1 |     8 ||     9
Block: Shield            |     3 |     3 |    29 ||    35

Table legend:
 A = Non-vault XP
 B = Vault XP
 C = Vault XP percentage of total XP
 D = Non-vault monster count
 E = Vault monster count
 F = Vault count percentage of total count
                 A         B        C        D         E       F
            +---------+---------+-------+---------+---------+-------
      Total |     288 |    2150 |  88.2 |       1 |      26 |  96.3
            +---------+---------+-------+---------+---------+-------
          D |     288 |    2150 |  88.2 |       1 |      26 |  96.3
            +---------+---------+-------+---------+---------+-------
